 Dungeon Crawl Stone Soup version 0.28.0-43-g3370ac3207 (webtiles) character file.

Game seed: 13180365540187490856

8218 fknight the Spear-Bearer (level 11, -10/89 HPs)
             Began as a Gnoll Berserker on Mar 8, 2022.
             Was a Priest of Trog.
             Mangled by a yak (12 damage)
             ... on level 9 of the Dungeon.
             The game lasted 00:35:00 (11653 turns).

fknight the Spear-Bearer (Gnoll Berserker)         Turns: 11653, Time: 00:35:02

Health: -10/89     AC: 21    Str: 24    XL:     11   Next: 27%
Magic:  0/20       EV:  8    Int:  7    God:    Trog [***...]
Gold:   116        SH: 10    Dex: 14    Spells: 22/22 levels left

rFire   + . .      SeeInvis .   C - +6 dagger of Responsibility {flame, rN+ Will+}
rCold   . . .      Faith    .   c - +0 kite shield
rNeg    + + .      Spirit   +   k - +1 plate armour
rPois   .          Reflect  .   t - +2 helmet
rElec   .          Harm     +   V - +1 cloak of the Curious Youths {Harm rF+ Regen+ Stlth+}
rCorr   .          Rampage  .   B - +0 pair of gloves
Will    +++..                   (no boots)
Stlth   ..........              x - amulet of guardian spirit
HPRegen 2.04/turn               s - +6 ring of strength
MPRegen 0.17/turn               A - ring of positive energy

@: strong-willed, on berserk cooldown, regenerating, slowed, very slow
A: fangs 1, strong nose, distributed training
a: Renounce Religion, Berserk, Trog's Hand


You were on level 9 of the Dungeon.
You worshipped Trog.
Trog was most pleased with you.
You visited 1 branch of the dungeon, and saw 9 of its levels.
You also visited: Ossuary.

You collected 372 gold pieces.
You spent 256 gold pieces at shops.

Inventory:

Hand Weapons
 a - a +2 spear
 f - a +4 falchion
 g - a +0 hunting sling
 h - a +4 flail
 j - a +0 halberd
 p - a +1 dagger of electrocution
 C - the +6 dagger of Responsibility (weapon) {flame, rN+ Will+}
   (You found it on level 4 of the Dungeon)

   It burns those it strikes, dealing additional fire damage.
   rN:        It protects you from negative energy.
   Will:      It increases your willpower.
 E - a +4 dire flail
 F - a +3 mace of freezing
 G - a +4 short sword
 H - a +1 war axe
 K - a +1 whip of flaming
 N - a +2 whip of electrocution
 O - a +3 dagger
 S - a +2 mace
 T - a +2 hand axe
 X - a +4 battleaxe
 Z - a +0 glaive
Missiles
 d - 368 stones (quivered)
 e - 6 silver javelins
 n - 3 javelins
 w - 9 boomerangs
 y - 5 curare-tipped darts
 Y - 4 throwing nets
Armour
 c - a +0 kite shield (worn)
 k - a +1 plate armour (worn)
 r - a scarf of invisibility
 t - a +2 helmet (worn)
 B - a +0 pair of gloves (worn)
 L - a +0 robe of cold resistance
 M - a +0 ring mail of cold resistance
 V - the +1 cloak of the Curious Youths (worn) {Harm rF+ Regen+ Stlth+}
   (You bought it in a shop on level 1 of the Dungeon)

   rF:        It protects you from fire.
   Regen:     It increases your rate of health regeneration.
   Harm:      It increases damage dealt and taken.
   Stlth:     It makes you more stealthy.
Jewellery
 s - a +6 ring of strength (left hand)
 x - an amulet of guardian spirit (around neck)
 A - a ring of positive energy (right hand)
 I - a ring of poison resistance
Wands
 u - a wand of acid (11)
Scrolls
 m - 5 scrolls of teleportation
 o - 2 scrolls of blinking
 U - a scroll of magic mapping
Potions
 b - a potion of degeneration
 i - 3 potions of curing
 l - a potion of heal wounds
 q - 3 potions of haste
 v - a potion of might
 D - a potion of resistance
 P - a potion of invisibility
 Q - a potion of magic
 W - a potion of mutation {unknown}


   Skills:
 + Level 9.1 Fighting
 + Level 6.1 Short Blades
 + Level 6.1 Long Blades
 + Level 6.1 Axes
 + Level 6.1 Maces & Flails
 + Level 9.1 Polearms
 + Level 6.1 Staves
 + Level 6.1 Slings
 + Level 6.1 Bows
 + Level 6.1 Crossbows
 + Level 6.1 Throwing
 + Level 7.7 Armour
 + Level 7.7 Dodging
 + Level 6.1 Stealth
 + Level 6.1 Shields
 + Level 6.1 Unarmed Combat
 + Level 6.1 Spellcasting
 + Level 5.1 Conjurations
 + Level 5.1 Hexes
 + Level 5.1 Summonings
 + Level 5.1 Necromancy
 + Level 5.1 Translocations
 + Level 5.1 Transmutations
 + Level 5.1 Fire Magic
 + Level 5.1 Ice Magic
 + Level 5.1 Air Magic
 + Level 5.1 Earth Magic
 + Level 5.1 Poison Magic
 + Level 6.7 Invocations
 + Level 6.1 Evocations


You had 22 spell levels left.
You didn't know any spells.
Your spell library was empty.

Dungeon Overview and Level Annotations

Branches:
Dungeon (9/15)             Temple (0/1) D:6         Ossuary (visited)
   Lair: D:8-11         Orc: D:9-12

Altars:
Ashenzari
Elyvilon
Gozag
Hepliaklqana
Nemelex Xobeh
Trog
Yredelemnul
Zin

Shops:
D:1 ![   D:2 (   D:4 [


Innate Abilities, Weirdness & Mutations

You have very sharp teeth.
Your uncanny sense of smell can sniff out nearby items.
Your experience applies equally to all skills.


Message History

The yak barely misses you.
You barely miss the yak.
The yak is moderately wounded.
The wyvern completely misses you. The wyvern barely misses you.
The yak gores you! The yak gores you but does no damage. The wyvern bites you.
The wyvern bites you but does no damage.
The scorpion stings something but does no damage.
The yak gores you but does no damage. You block the yak's attack.
The wyvern closely misses you. You block the wyvern's attack.
The scorpion stings something but does no damage.
You hit the yak. You burn the yak.
The yak is moderately wounded.
You block the wyvern's attack. The wyvern barely misses you.
The scorpion stings something but does no damage.
You block the yak's attack. The yak closely misses you.
You fail to use your ability.
You feel the effects of Trog's Hand fading.
The wyvern bites you but does no damage.
You block the wyvern's attack.
The scorpion completely misses something.
You block the wyvern's attack. x2; The yak gores you.
You block the yak's attack.
The scorpion stings something but does no damage.
The wyvern bites you. The wyvern barely misses you.
You fail to use your ability.
The yak gores you but does no damage. The yak barely misses you.
The wyvern bites you! The wyvern closely misses you.
The scorpion stings something.
The yak gores you!
* * * LOW HITPOINT WARNING * * *
The yak gores you!
* * * LOW HITPOINT WARNING * * *
You block the wyvern's attack. The wyvern bites you!
* * * LOW HITPOINT WARNING * * *
The scorpion stings something.
Your skin crawls.
You feel strong-willed.
You can no longer call in reinforcements.
You block the wyvern's attack. The wyvern bites you!
* * * LOW HITPOINT WARNING * * *
The yak gores you!
You die... ♣..... ∆ ......+### .......... .........# #+#### P......# #....#.. .sYYY# .#....#.. #Yll#

..#....#.. #Y@.#
..#....#..
#...#####..#<...#..
#..........#'####..
#..................
#..................
######............#
#.....#####..#
#.....# #..#
+.....# #..#


You could see 5 yaks, 2 wyverns and a scorpion.

Vanquished Creatures
  Harold (D:8)
  Pikel (D:5)
  Prince Ribbit (D:7)
  Sigmund (D:6)
  11 yaks
  Eustachio (D:5)
  A steam dragon (D:6)
  2 water moccasins (D:9)
  Menkaure (D:5)
  6 ice beasts
  4 orc warriors
  A sky beast (D:7)
  2 black bears
  A hornet zombie (D:8)
  4 ogres
  2 necrophages
  A centaur (D:9)
  A kobold brigand (D:6)
  2 lemures (D:5)
  An elf zombie (Ossuary)
  2 wyvern zombies (D:7)
  5 scorpions
  4 killer bees (D:7)
  14 wights
  A howler monkey (D:6)
  3 centaur zombies
  A bullfrog skeleton (D:6)
  4 bullfrog zombies
  8 orc priests
  A gnoll shaman (D:5)
  3 hounds
  3 human zombies
  4 iguanas
  A scorpion zombie (D:5)
  Terence (D:2)
  7 orc wizards
  A killer bee zombie (D:8)
  4 mummies
  A howler monkey zombie (D:8)
  Robin (D:3)
  9 gnolls
  10 adders
  A howler monkey skeleton (D:7)
  A white imp (D:7)
  An ufetubus (D:4)
  2 adder zombies (Ossuary)
  3 dart slugs
  26 orcs
  A bat (D:1)
  3 endoplasms
  3 giant cockroaches (D:1)
  13 goblins
  9 hobgoblins
  3 jackals (D:3)
  2 quokkas
  5 ball pythons
  4 frilled lizards
  2 goblin zombies (Ossuary)
  7 hobgoblin zombies (Ossuary)
  A jackal zombie (Ossuary)
  14 kobolds
  11 kobold zombies (Ossuary)
  9 orc zombies (Ossuary)
  5 rats
  A rat zombie (Ossuary)
260 creatures vanquished.

Vanquished Creatures (others)
  6 plants
6 creatures vanquished.

Grand Total: 266 creatures vanquished

Notes
Turn   | Place    | Note
-------+----------+-------------------------------------------
     0 | D:1      | fknight the Gnoll Berserker began the quest for the Orb.
     0 | D:1      | Reached XP level 1. HP: 23/23 MP: 1/1
     3 | D:1      | Found Qiwe's Distillery.
   121 | D:1      | Reached XP level 2. HP: 28/29 MP: 2/2
   620 | D:1      | Found Duarr's Antique Armour Boutique.
   633 | D:1      | Reached XP level 3. HP: 35/35 MP: 3/3
   994 | D:1      | Reached ** piety under Trog
  1213 | D:2      | Noticed Terence
  1223 | D:2      | Killed Terence
  1224 | D:2      | Reached skill level 1 in Short Blades
  1224 | D:2      | Reached skill level 1 in Long Blades
  1224 | D:2      | Reached skill level 1 in Axes
  1224 | D:2      | Reached skill level 1 in Maces & Flails
  1224 | D:2      | Reached skill level 1 in Staves
  1224 | D:2      | Reached skill level 1 in Slings
  1224 | D:2      | Reached skill level 1 in Bows
  1224 | D:2      | Reached skill level 1 in Crossbows
  1224 | D:2      | Reached skill level 1 in Throwing
  1224 | D:2      | Reached skill level 1 in Stealth
  1224 | D:2      | Reached skill level 1 in Shields
  1224 | D:2      | Reached skill level 1 in Unarmed Combat
  1224 | D:2      | Reached skill level 1 in Spellcasting
  1224 | D:2      | Reached skill level 1 in Invocations
  1224 | D:2      | Reached skill level 1 in Evocations
  1224 | D:2      | Reached XP level 4. HP: 41/41 MP: 5/5
  1502 | D:2      | Found Ohalor's Antique Weapon Emporium.
  1691 | D:2      | Found a faded altar of an unknown god.
  1711 | D:2      | Reached skill level 1 in Conjurations
  1711 | D:2      | Reached skill level 1 in Hexes
  1711 | D:2      | Reached skill level 1 in Summonings
  1711 | D:2      | Reached skill level 1 in Necromancy
  1711 | D:2      | Reached skill level 1 in Translocations
  1711 | D:2      | Reached skill level 1 in Transmutations
  1711 | D:2      | Reached skill level 1 in Fire Magic
  1711 | D:2      | Reached skill level 1 in Ice Magic
  1711 | D:2      | Reached skill level 1 in Air Magic
  1711 | D:2      | Reached skill level 1 in Earth Magic
  1711 | D:2      | Reached skill level 1 in Poison Magic
  1838 | D:2      | Noticed a black bear
  1845 | D:2      | Killed a black bear
  1846 | D:2      | Reached XP level 5. HP: 47/47 MP: 5/7
  2178 | D:3      | Noticed Robin
  2188 | D:3      | Killed Robin
  2305 | D:3      | Found a hazy altar of Hepliaklqana.
  2394 | D:3      | Found an opulent altar of Gozag.
  2570 | D:4      | Reached XP level 6. HP: 49/53 MP: 8/8
  2613 | D:4      | Reached skill level 5 in Armour
  2613 | D:4      | Reached skill level 5 in Dodging
  2687 | D:4      | Found Loilupot's Antique Armour Emporium.
  2790 | D:4      | Noticed an ice beast
  2808 | D:4      | Killed an ice beast
  2809 | D:4      | Reached XP level 7. HP: 39/59 MP: 10/10
  3637 | D:4      | Identified the +6 dagger of Responsibility {flame, rN+
                  | Will+}
  4001 | D:5      | Entered Level 5 of the Dungeon
  4429 | D:5      | Reached XP level 8. HP: 55/64 MP: 8/12
  4445 | D:5      | Noticed Eustachio
  4477 | D:5      | Killed Eustachio
  4687 | D:5      | Found a glowing silver altar of Zin.
  4785 | D:5      | Noticed Menkaure
  4797 | D:5      | Killed Menkaure
  5093 | D:5      | Noticed Pikel
  5134 | D:5      | Killed Pikel
  5299 | D:5      | Reached XP level 9. HP: 72/72 MP: 11/14
  5739 | D:5      | Reached *** piety under Trog
  6098 | D:6      | Noticed Sigmund
  6108 | D:6      | Killed Sigmund
  6245 | D:6      | Found a staircase to the Ecumenical Temple.
  6405 | D:6      | Reached skill level 5 in Invocations
  6614 | D:6      | Reached XP level 10. HP: 37/80 MP: 9/17
  7201 | D:6      | Reached skill level 5 in Short Blades
  7201 | D:6      | Reached skill level 5 in Long Blades
  7201 | D:6      | Reached skill level 5 in Axes
  7201 | D:6      | Reached skill level 5 in Maces & Flails
  7201 | D:6      | Reached skill level 5 in Staves
  7201 | D:6      | Reached skill level 5 in Slings
  7201 | D:6      | Reached skill level 5 in Bows
  7201 | D:6      | Reached skill level 5 in Crossbows
  7201 | D:6      | Reached skill level 5 in Throwing
  7201 | D:6      | Reached skill level 5 in Stealth
  7201 | D:6      | Reached skill level 5 in Shields
  7201 | D:6      | Reached skill level 5 in Unarmed Combat
  7201 | D:6      | Reached skill level 5 in Spellcasting
  7201 | D:6      | Reached skill level 5 in Evocations
  7247 | D:6      | Found a white marble altar of Elyvilon.
  7249 | D:6      | Found a broken altar of Ashenzari.
  7252 | D:6      | Found a bloodstained altar of Trog.
  7719 | D:7      | Found a sand-covered staircase.
  7745 | Ossuary  | Entered an ossuary
  7811 | Ossuary  | Reached **** piety under Trog
  9390 | D:7      | Found a basalt altar of Yredelemnul.
  9426 | D:7      | Noticed Prince Ribbit
  9441 | D:7      | Killed Prince Ribbit
 10319 | D:1      | Bought a spiked cloak for 256 gold pieces
 10319 | D:1      | Identified the +1 cloak of the Curious Youths {Harm rF+
                  | Regen+ Stlth+} (You bought it in a shop on level 1 of the
                  | Dungeon)
 10970 | D:8      | Noticed Harold
 10974 | D:8      | Found a sparkling altar of Nemelex Xobeh.
 10978 | D:8      | Killed Harold
 10979 | D:8      | Reached XP level 11. HP: 87/87 MP: 13/19
 11387 | D:8      | Reached skill level 5 in Conjurations
 11387 | D:8      | Reached skill level 5 in Hexes
 11387 | D:8      | Reached skill level 5 in Summonings
 11387 | D:8      | Reached skill level 5 in Necromancy
 11387 | D:8      | Reached skill level 5 in Translocations
 11387 | D:8      | Reached skill level 5 in Transmutations
 11387 | D:8      | Reached skill level 5 in Fire Magic
 11387 | D:8      | Reached skill level 5 in Ice Magic
 11387 | D:8      | Reached skill level 5 in Air Magic
 11387 | D:8      | Reached skill level 5 in Earth Magic
 11387 | D:8      | Reached skill level 5 in Poison Magic
 11653 | D:9      | HP: 2/89 [wyvern (8)]
 11653 | D:9      | Mangled by a yak

Illustrated notes

Levels and vault maps discovered:
D:1:      dpeg_arrival_long_road, layout_loops_ring, serial_shops,
          nicolae_shop_crystal, nicolae_square_shop
D:2:      layout_loops_ring, serial_shops, shop,
          shapermc_ecumenical_altar_totnotflames, columned_hall_lemuel,
          hangedman_decor_riveting, uniq_terence
D:3:      layout_rooms, grunt_gozag_statues, nicolae_overflow_hidden_temple,
          uniq_robin
D:4:      minmay_evil_eye, layout_basic, serial_shops,
          nicolae_shop_overgrown_old_shop
D:5:      layout_loops_cross, mainiacjoe_overflow_cross_hatched, uniq_menkaure,
          uniq_eustachio, uniq_pikel
D:6:      layout_loops_ring, minmay_overflow_temple_star_quad,
          minmay_temple_entry_enclosed_plants,
          hangedman_abyss_or_decor_lesser_grid, uniq_sigmund
D:7:      layout_basic, lemuel_mausoleum_altar_yredelemnul,
          nicolae_ossuary_entry_false_entrances, uniq_prince_ribbit1
D:8:      layout_loops_cross, nemelex_spade_bored_becter,
          kennysheep_small_square, uniq_harold
D:9:      layout_irregular_city, minmay_lair_entry_grove, serial_column_ruins,
          column_ruins_hut, column_ruins_hut, column_ruins_grid_1,
          column_ruins_grid_1, column_ruins_open_tiny,
          column_ruins_corridor_plus, column_ruins_open_small,
          minmay_misc_feat_cross, minmay_misc_feat_columns, nrook_uturn

Skill      XL: |  1  2  3  4  5  6  7  8  9 10 11 |
---------------+----------------------------------+-----
Short Blades   | 1 2 3 4 5 6 |  6.1
Long Blades    | 1 2 3 4 5 6 |  6.1
Axes           | 1 2 3 4 5 6 |  6.1
Maces & Flails | 1 2 3 4 5 6 |  6.1
Staves         | 1 2 3 4 5 6 |  6.1
Slings         | 1 2 3 4 5 6 |  6.1
Bows           | 1 2 3 4 5 6 |  6.1
Crossbows      | 1 2 3 4 5 6 |  6.1
Throwing       | 1 2 3 4 5 6 |  6.1
Stealth        | 1 2 3 4 5 6 |  6.1
Shields        | 1 2 3 4 5 6 |  6.1
Unarmed Combat | 1 2 3 4 5 6 |  6.1
Spellcasting   | 1 2 3 4 5 6 |  6.1
Invocations    | 1 2 3 4 5 6 |  6.7
Evocations     | 1 2 3 4 5 6 |  6.1
Conjurations   | 1 2 3 4 5 |  5.1
Hexes          | 1 2 3 4 5 |  5.1
Summonings     | 1 2 3 4 5 |  5.1
Necromancy     | 1 2 3 4 5 |  5.1
Translocations | 1 2 3 4 5 |  5.1
Transmutations | 1 2 3 4 5 |  5.1
Fire Magic     | 1 2 3 4 5 |  5.1
Ice Magic      | 1 2 3 4 5 |  5.1
Air Magic      | 1 2 3 4 5 |  5.1
Earth Magic    | 1 2 3 4 5 |  5.1
Poison Magic   | 1 2 3 4 5 |  5.1
Armour         | 5 6 7 |  7.7
Dodging        | 5 6 7 |  7.7
Fighting       | 7 8 9 |  9.1
Polearms       | 7 8 9 |  9.1

Action                   |  1- 3 |  4- 6 |  7- 9 | 10-12 || total
-------------------------+-------+-------+-------+-------++-------
Melee: Spear             |    90 |   147 |    25 |       ||   262
       Bite              |     7 |    12 |    37 |    45 ||   101
       Dagger            |       |       |   306 |   425 ||   731
Throw: Stone             |       |       |    10 |     7 ||    17
Invok: Berserk           |     1 |     4 |     6 |     8 ||    19
       Trog's Hand       |       |     3 |     5 |     5 ||    13
  Use: Scroll            |       |       |    13 |     7 ||    20
 Stab: Sleeping          |     2 |       |       |       ||     2
       Distracted        |       |     1 |       |     1 ||     2
Armor: Animal skin       |     5 |       |       |       ||     5
       Scale mail        |       |    39 |   169 |     2 ||   210
       Plate armour      |       |       |       |   154 ||   154
Dodge: Dodged            |    21 |    43 |   162 |   110 ||   336
Block: Kite shield       |    16 |    47 |   155 |   157 ||   375
